AoeStats
← N1CE#ROCK

Arena

507992663Analyzed
4v4 RM · 11d ago on Sep 20, 2026· 49m 16s· 8 players
Game mode
Random Map
Map size
Large (8 player)
Population
200
Speed
Normal
Resources
Standard
Victory
Conquest
Starting age
Dark Age
Ending age
Imperial Age
RankedLock teamsTeams togetherTeam positionsShared explorationLock speedFull tech treeHidden civsTurbo modeCheats
Victory
Defeat
🇮🇳 Teutons · India
1343
+12
🇹🇼 Jurchens · Taiwan
1296
+14
🇨🇳 Britons · China
1292
+15
🇹🇼 Persians · Taiwan
1255
+16
🇮🇳 Persians · India
1305
-16
🇳🇬 Bohemians · Nigeria
1258
-14
🇩🇪 Inca · Germany
1251
-14
🇮🇳 Turks · India
1226
-13
蔡鳥
3:59 Loom
9:25 Feudal Age
10:03 Double-Bit Axe
10:13 Gold Mining
15:14 Fletching
20:24 Castle Age
21:03 Bodkin Arrow
21:49 Crossbowman
22:20 Horse Collar
25:15 Padded Archer Armor
28:00 Leather Archer Armor
28:57 Wheelbarrow
29:25 Ballistics
32:17 Imperial Age
30:17 Bow Saw
30:54 Fortified Wall
32:27 Hand Cart
31:57 Loom
32:58 Bracer
34:00 Chemistry
32:26 Arbalester
34:59 Ring Archer Armor
36:31 Yeomen
38:17 Two-Man Saw
41:16 Conscription
41:53 Heavy Plow
42:54 Forging
42:44 Scale Mail Armor
43:37 Gambesons
43:13 Man-at-Arms
44:09 Long Swordsman
44:49 Squires
45:26 Iron Casting
45:06 Chain Mail Armor
44:46 Two-Handed Swordsman
45:32 Arson
45:26 Champion
47:24 Blast Furnace
47:36 Plate Mail Armor
47:21 Pikeman
Felix
10:49 Feudal Age
14:44 Castle Age
12:59 Double-Bit Axe
13:31 Horse Collar
16:10 Bow Saw
19:22 Loom
21:22 Bloodlines
22:49 Husbandry
25:05 Wheelbarrow
26:53 Gold Mining
26:53 Stone Mining
31:58 Imperial Age
29:51 Forging
29:46 Scale Barding Armor
30:27 Hand Cart
29:57 Town Watch
32:23 Iron Casting
32:08 Chain Barding Armor
32:12 Town Patrol
32:10 Cavalier
33:12 Chain Barding Armor
34:40 Two-Man Saw
34:57 Heavy Plow
36:31 Blast Furnace
36:07 Plate Barding Armor
35:40 Savar
39:57 Conscription
41:05 Crop Rotation
牛奶罐
0:34 Loom
10:57 Feudal Age
14:51 Castle Age
13:36 Double-Bit Axe
13:57 Horse Collar
16:31 Wheelbarrow
19:20 Bow Saw
26:57 Forging
26:52 Scale Barding Armor
26:49 Stone Mining
30:16 Imperial Age
28:10 Heavy Plow
29:00 Hand Cart
29:24 Iron Casting
29:09 Chain Barding Armor
29:21 Town Watch
32:03 Chemistry
31:17 Bloodlines
31:07 Husbandry
31:43 Conscription
32:02 Plate Barding Armor
31:39 Gold Mining
31:12 Heavy Rocket Cart
31:37 Elite Steppe Lancer
34:01 Blast Furnace
37:23 Two-Man Saw
37:58 Light Cavalry
39:23 Heavy Rocket Cart
42:54 Gold Shaft Mining
42:48 Scale Mail Armor
43:45 Hussar
43:58 Pikeman
44:39 Squires
45:10 Fortified Wall
45:11 Masonry
BLADE
6:08 Loom
6:34 Loom
9:13 Feudal Age
9:58 Double-Bit Axe
11:12 Horse Collar
11:37 Fletching
20:03 Wheelbarrow
24:22 Castle Age
23:38 Stone Mining
25:30 Bow Saw
26:09 Heavy Plow
26:59 Gold Mining
28:11 Forging
28:01 Scale Mail Armor
30:01 Iron Casting
30:58 Bodkin Arrow
38:32 Imperial Age
36:45 Chain Mail Armor
37:53 Hand Cart
38:50 Stone Shaft Mining
39:54 Pikeman
40:34 Squires
40:20 Arson
40:45 Town Watch
41:58 Conscription
41:54 Halberdier
43:23 Plate Mail Armor
44:55 Blast Furnace
44:02 Capped Ram
46:48 Ironclad
47:38 Man-at-Arms
48:03 Gambesons
agresif
11:57 Feudal Age
11:58 Man-at-Arms
13:20 Scale Mail Armor
18:10 Loom
20:05 Town Watch
22:24 Arson
27:06 Castle Age
29:40 Chain Mail Armor
31:16 Fletching
43:54 Double-Bit Axe
43:52 Horse Collar
44:11 Stone Mining
44:17 Gold Mining
45:56 Wheelbarrow
46:42 Bow Saw
48:52 Heavy Plow
rateezy
10:24 Feudal Age
11:30 Double-Bit Axe
14:10 Castle Age
12:23 Horse Collar
14:16 Bloodlines
19:52 Bloodlines
21:05 Scale Barding Armor
25:29 Chain Barding Armor
25:51 Husbandry
26:48 Loom
26:49 Town Watch
27:46 Wheelbarrow
27:46 Forging
28:11 Bow Saw
32:30 Imperial Age
30:54 Iron Casting
31:12 Hand Cart
32:07 Cavalier
33:52 Plate Barding Armor
34:02 Conscription
34:50 Blast Furnace
33:55 Savar
36:42 Fletching
37:59 Bodkin Arrow
38:24 Devotion
46:30 Murder Holes
46:55 Ballistics
47:36 Chemistry
46:47 Masonry
46:59 Citadels
47:11 Light Cavalry
48:30 Hoardings
48:16 Guilds
47:56 Hussar
N1CE#ROCK
13:12 Feudal Age
18:00 Castle Age
17:03 Horse Collar
17:11 Double-Bit Axe
17:17 Gold Mining
17:19 Stone Mining
18:59 Wheelbarrow
22:48 Bow Saw
22:39 Heavy Plow
24:11 Loom
26:16 Gold Shaft Mining
26:25 Stone Shaft Mining
27:15 Forging
27:27 Padded Archer Armor
27:17 Fletching
27:28 Scale Mail Armor
26:58 Champi Runner
28:17 Squires
28:03 Arson
29:10 Ballistics
30:41 Hand Cart
33:34 Imperial Age
30:57 Champi Warrior
32:15 Bodkin Arrow
32:36 Leather Archer Armor
32:36 Chain Mail Armor
32:04 Elite Skirmisher
33:06 Chain Mail Armor
33:26 Iron Casting
32:29 Pikeman
35:09 Ring Archer Armor
34:39 Bracer
35:14 Ring Archer Armor
34:44 Bracer
34:06 Halberdier
34:52 Elite Champi Warrior
36:39 Chemistry
36:12 Plate Mail Armor
36:52 Crop Rotation
44:57 Bracer
45:57 Blast Furnace
45:06 Siege Engineers
D_Baron
10:48 Feudal Age
11:50 Town Watch
14:51 Castle Age
13:53 Horse Collar
13:59 Double-Bit Axe
15:51 Bow Saw
16:33 Heavy Plow
18:03 Wheelbarrow
19:39 Loom
24:42 Hand Cart
29:07 Imperial Age
28:11 Chemistry
27:33 Ballistics
26:55 Treadmill Crane
28:22 Elite Skirmisher
28:55 Fletching
29:07 Padded Archer Armor
29:01 Fletching
30:45 Leather Archer Armor
30:26 Bodkin Arrow
30:35 Pikeman
31:16 Squires
32:16 Conscription
32:32 Halberdier
34:27 Wagenburg Tactics
34:04 Houfnice
35:48 Scale Mail Armor
35:49 Bracer
36:20 Ring Archer Armor
Connection lost

Rejoining the realm…

Still unreachable

The connection could not be restored.

Session expired

The server has moved on; the page needs a fresh start.